 Dungeon Crawl Stone Soup version 0.17.0-56-gd8de76c (webtiles) character file.

219 kosy22 the Conjurer (level 5, -12/29 HPs)
             Began as a Deep Elf Conjurer on Nov 29, 2015.
             Mangled by an ogre
             ... wielding a +0 giant spiked club
              (14 damage)
             ... on level 4 of the Dungeon on Dec 5, 2015.
             The game lasted 00:19:13 (3627 turns).

kosy22 the Conjurer (Deep Elf Conjurer)             Turns: 3627, Time: 00:19:14

Health: -12/29     AC:  3    Str: 10    XL:     5   Next: 63%
Magic:  0/13       EV: 14    Int: 21    God:
Gold:   187        SH:  0    Dex: 15    Spells: 4 memorised, 2 levels left

rFire  . . .     SeeInvis .     d - +3 dagger (speed)
rCold  . . .     Clarity  .     a - +1 robe
rNeg   . . .     SustAt   .     (no shield)
rPois  .         Gourm    .     (no helmet)
rElec  .         Spirit   .     (no cloak)
rCorr  .         Warding  .     (no gloves)
rMut   .         Stasis   .     (no boots)
MR     .....                    (no amulet)
Stlth  ++........               (no ring)
                                (no ring)

@: mighty, not resistant to hostile enchantments, unstealthy
A: no striking features
a: no special abilities


You were on level 4 of the Dungeon.
You were not hungry.

You visited 1 branch of the dungeon, and saw 4 of its levels.

You collected 187 gold pieces.

Inventory:

Hand Weapons
 d - a +3 dagger of speed (weapon)
Armour
 a - a +1 robe (worn)
Magical Staves
 o - an uncursed staff of poison
Scrolls
 f - 2 scrolls of remove curse
 h - a scroll of enchant weapon {unknown}
 i - 3 scrolls of identify
Potions
 c - a potion of magic {unknown}
 e - 2 potions of might
 g - a potion of ambrosia {unknown}
 j - a potion of heal wounds {unknown}
 k - a potion of brilliance {unknown}
 m - a potion of flight {unknown}
Books
 b - a book of Conjurations

   Spells                             Type                      Level
   a - Magic Dart                     Conjuration                  1
   b - Searing Ray                    Conjuration                  2
   c - Dazzling Spray                 Conjuration/Hexes            3
   d - Fulminant Prism                Conjuration/Hexes            4
   e - Iskenderun's Mystic Blast      Conjuration                  4
   f - Iskenderun's Battlesphere      Conjuration/Charms           5
Comestibles
 l - 2 meat rations
 n - a bread ration


   Skills:
 + Level 1.0 Fighting
 + Level 0.4 Short Blades
 + Level 3.7 Dodging
 + Level 3.3 Stealth
 + Level 4.4 Spellcasting
 + Level 6.0 Conjurations


You had 2 spell levels left.
You knew the following spells:

 Your Spells              Type           Power        Failure   Level  Hunger
a - Magic Dart            Conj           ####         1%          1    None
b - Searing Ray           Conj           ####..       1%          2    #......
c - Dazzling Spray        Conj/Hex       ###.....     12%         3    ##.....
d - Iskenderun's Mystic   Conj           ####....     12%         4    ####...


Dungeon Overview and Level Annotations

Branches:
Dungeon (4/15)
 Temple: D:4-7

Altars:


Message History

The ogre hits you with a giant spiked club!
Ouch! That really hurt!
* * * LOW HITPOINT WARNING * * *
Read which item? (? for menu, Esc to quit)
Okay, then.
Drink which item? (? for menu, Esc to quit)
It was a potion of might.
You feel very mighty all of a sudden. The black bear barely misses you.
The black bear closely misses you. The black bear closely misses you.
The giant newt barely misses you.
Drop what? 15/52 slots (_ for help) (? for menu, Esc to quit)
Okay, then.
Casting: Iskenderun's Mystic Blast
Confirm with . or Enter, or press ? or * to list all spells.
You don't have enough magic to cast that spell.
Casting: Iskenderun's Mystic Blast
Confirm with . or Enter, or press ? or * to list all spells.
Okay, then.
The ogre hits you with a giant spiked club!
You die...

#################
#@h.....##......#
#lO#.%.##...###.#
#..##$##...## #.#
#...###...## #.#
##.......## #.#
##..?..## #.#
##.#### #.# #.#
#.## #.# #...


You could see a black bear, an ogre and a giant newt.

Vanquished Creatures
  Jessica (D:2)
  Natasha (twice) (D:2)
  A hound skeleton (D:4)
  6 adders
  5 worms
  6 orcs
  7 giant cockroaches
  6 hobgoblins
  4 jackals (D:1)
  5 kobolds
  4 ball pythons (D:1)
  7 bats
  3 giant geckos
  A giant gecko skeleton (D:4)
  3 giant newts
  8 goblins
  4 rats
73 creatures vanquished.

Notes
Turn   | Place    | Note
--------------------------------------------------------------
     0 | D:1      | kosy22 the Deep Elf Conjurer began the quest for the Orb.
     0 | D:1      | Reached XP level 1. HP: 10/10 MP: 6/6
   144 | D:1      | Reached XP level 2. HP: 15/15 MP: 0/8
   280 | D:1      | Learned a level 2 spell: Searing Ray
   362 | D:1      | Reached skill level 5 in Conjurations
   729 | D:1      | Reached XP level 3. HP: 7/19 MP: 1/9
   926 | D:1      | Learned a level 3 spell: Dazzling Spray
  1024 | D:1      | Upgraded the game from 0.17.0-28-g6e173f8 to 0.17.0-56-gd8de76c
  1494 | D:2      | Noticed Natasha
  1501 | D:2      | Killed Natasha
  1501 | D:2      | Reached XP level 4. HP: 24/24 MP: 6/11
  1702 | D:2      | Noticed Jessica
  1706 | D:2      | Killed Jessica
  2074 | D:2      | Noticed Natasha
  2076 | D:2      | Killed Natasha
  2151 | D:2      | Reached XP level 5. HP: 28/28 MP: 12/12
  2295 | D:2      | Learned a level 4 spell: Iskenderun's Mystic Blast
  3189 | D:4      | Reached skill level 1 in Fighting
  3566 | D:4      | Noticed an ogre
  3584 | D:4      | Reached skill level 6 in Conjurations
  3621 | D:4      | Noticed a black bear
  3627 | D:4      | Mangled by an ogre

Action                   |  1- 3 |  4- 6 || total
-------------------------+-------+-------++-------
Melee: Dagger            |    13 |    28 ||    41
 Cast: Magic Dart        |    24 |    20 ||    44
       Searing Ray       |    16 |     6 ||    22
       Dazzling Spray    |     1 |       ||     1
       Iskenderun's Myst |       |    20 ||    20
  Use: Scroll            |       |     4 ||     4
       Potion            |       |     1 ||     1
 Stab: Sleeping          |     1 |     1 ||     2
  Eat: Bread ration      |     1 |     2 ||     3
